 Dungeon Crawl Stone Soup version 0.32-a0-656-g3542139ebd (webtiles) character file.

Game seed: 9184560166565576995

61418 Khashishi the Basher (level 14, -2/118 HPs)
             Began as a Mummy Monk on Mar 8, 2024.
             Was the Champion of Fedhas.
             Slain by an orc knight
             ... wielding a +0 heavy glaive
              (27 damage)
             ... on level 1 of the Orcish Mines.
             The game lasted 01:43:06 (17189 turns).

Khashishi the Basher (Mummy Monk)                  Turns: 17189, Time: 01:43:06

Health: -2/118     AC: 26    Str: 25    XL:     14   Next: 60%
Magic:  19/22      EV: 26    Int:  9    God:    Fedhas [******]
Gold:   1301       SH:  0    Dex: 21    Spells: 10/13 levels left

rFire   x . .        B - +4 lajatang (vamp)
rCold   + + .        (shield currently unavailable)
rNeg    + + +        J - +1 chain mail {rC+}
rPois   ∞            p - +2 helmet
rElec   .            L - +2 cloak
rCorr   .            e - +2 pair of gloves
SInv    .            g - +2 pair of boots
Will    +....        u - amulet of the acrobat Stlth
                     f - +6 ring of dexterity
HPRegen 0.39/turn    v - +6 ring of strength
MPRegen 0.18/turn

%: acrobat, faith
@: acrobatic
A: cold resistance 1, negative energy resistance 3, torment resistance 2, heat
vulnerability 1, in touch with death 2, no potions, faith
a: Renounce Religion, Wall of Briars, Grow Ballistomycete, Overgrow, Grow Oklob


You were on level 1 of the Orcish Mines.
You worshipped Fedhas.
Fedhas was exalted by your worship.
You visited 4 branches of the dungeon, and saw 19 of its levels.
You also visited: Ossuary.

You collected 1301 gold pieces.

Inventory:

Hand Weapons
 m - a +4 flail of freezing
 B - a +4 vampiric lajatang (weapon)
 C - a +2 morningstar of electrocution
Missiles
 d - a throwing net
 l - 11 poisoned darts
 t - a curare-tipped dart
 G - 10 boomerangs (quivered)
Armour
 c - an orb of light
 e - a +2 pair of gloves (worn)
 g - a +2 pair of boots (worn)
 p - a +2 helmet (worn)
 J - a +1 chain mail of cold resistance (worn)
 L - a +2 cloak (worn)
Jewellery
 f - a +6 ring of dexterity (left hand)
 k - a ring of flight
 s - a ring of fire
 u - an amulet of the acrobat (around neck)
 v - a +6 ring of strength (right hand)
Wands
 b - a wand of digging (3)
 q - a wand of flame (36)
 x - a wand of mindburst (3)
 y - a wand of light (13)
 A - a wand of charming (4)
 D - a wand of roots (12)
Scrolls
 h - 2 scrolls of fog
 i - 9 scrolls of teleportation
 j - 4 scrolls of revelation
 n - 2 scrolls of torment
 o - 5 scrolls of noise
 w - 2 scrolls of silence
 z - 3 scrolls of vulnerability
 E - 4 scrolls of blinking
 H - 2 scrolls of summoning
 I - a scroll of fear
 M - a scroll of identify
Miscellaneous
 a - a phantom mirror
 r - a phial of floods
 K - a condenser vane


   Skills:
 + Level 13.1 Fighting
 - Level 13.1(13.2) Maces & Flails
 - Level 3.0(3.5) Polearms
 + Level 2.6(9.1) Staves
 + Level 10.7 Armour
 - Level 3.0 Dodging
 - Level 2.0 Stealth
 + Level 11.5 Invocations
 - Level 4.0 Evocations


You had 10 spell levels left.
You knew the following spells:

 Your Spells              Type           Power      Damage    Failure   Level
a - Fugue of the Fallen   Necr           0%         N/A       99%         3

Your spell library contained the following spells:

 Spells                   Type           Power      Damage    Failure   Level
 Freeze                   Ice            0%         1d3       85%         1
 Sandblast                Erth           0%         2d4       85%         1
 Ensorcelled Hibernation  Hex/Ice        0%         N/A       94%         2
 Frozen Ramparts          Ice            0%         1d1       99%         3
 Hailstorm                Conj/Ice       0%         3d5       99%         3
 Passwall                 Erth           0%         N/A       99%         3
 Stone Arrow              Conj/Erth      0%         3d7       99%         3
 Anguish                  Hex/Necr       0%         N/A       100%        4
 Brom's Barrelling Bould  Conj/Erth      0%         2d3       100%        4
 Iskenderun's Battlesphe  Conj           0%         2d6       100%        5
 Bombard                  Conj/Erth      0%         9d1       100%        6
 Spellforged Servitor     Conj/Summ      0%         N/A       100%        7


Dungeon Overview and Level Annotations

Branches:
Dungeon (12/15)            Temple (1/1) D:4            Lair (5/5) D:11
 Shoals (0/4) Lair:2        Snake (0/4) Lair:2        Slime (0/5) Lair:4
    Orc (1/2) D:12        Ossuary (visited)

Altars:
Ashenzari
Cheibriados
Dithmenos
Fedhas
Gozag
Hepliaklqana
Kikubaaqudgha
Makhleb
Nemelex Xobeh
Okawaru
Qazlal
Ru
Sif Muna
Trog
Uskayaw
Vehumet
Wu Jian
Xom
Yredelemnul
Beogh
Jiyva
Lugonu

Shops:
D:6 (

Portals:
Abyss: Lair:5


Innate Abilities, Weirdness & Mutations

You are immune to poison.
Your flesh is cold resistant. (rC+)
You are immune to negative energy. (rN+++)
You are immune to unholy pain and torment.
You are vulnerable to heat. (rF-)
You are strongly in touch with the powers of death.
You do not drink.
You have a special connection with the divine. (Faith)


Message History

The orc warrior hits you with a +0 long sword of holy wrath!
You convulse!
The orc warrior misses you.
The orc knight hits the orc warrior with a +2 battleaxe of freezing!
The orc knight freezes the orc warrior.
The orc warrior completely misses you.
A ballistomycete spore comes into view.
You strike the helpless orc warlord from behind!
You slash the orc warlord!
You feel better.
The orc warlord is almost dead.
The orc knight seems less confused.
The orc warlord hits the orc warrior with a +0 great sword!
The orc warrior hits you from afar with a +0 halberd.
The orc warrior hits you with a +0 long sword of holy wrath!
You convulse!
* * * LOW HITPOINT WARNING * * *
Your ballistomycete spore explodes!
The orc warlord appears confused.
The explosion of spores engulfs the orc warlord!!
You kill the orc warlord!
Fedhas appreciates your contribution to the ecosystem.
Fedhas protects your plant from harm.
The orc warrior appears confused.
The explosion of spores engulfs the orc warrior!!
You kill the orc warrior!
Fedhas appreciates your contribution to the ecosystem.
The orc priest looks encouraged for a moment.
The orc knight hits you from afar with a +0 heavy glaive.
* * * LOW HITPOINT WARNING * * *
Your ballistomycete spore explodes!
The orc priest appears confused.
The explosion of spores engulfs the orc priest!!
You kill the orc priest!
Fedhas appreciates your contribution to the ecosystem.
The orc warrior hits you but does no damage.
The orc warrior misses you.
Things that are here:
16 gold pieces; a +0 great sword; a +0 chain mail The orc knight attacks as it pursues you!
The orc knight hits you from afar with a +0 heavy glaive!!
You die...
Fedhas appreciates your contribution to the ecosystem.

###.#...............#.#.....
.##..))....>................
##....)#....................
###..........................
###..#..................>...
##.......................... #
#........_..................
.#. ##.#..............P..)#$)##
..o.
#...............@oo.o....)#.o.#
##.#...........##oo..)))$..#
#####..........#.o.....#..#.##
##.#.....................#
#..............#......#.##
#...#......#....##..### #
##.###.........###### ###
###...#..## #...####


You could see 2 orc knights, 4 orc warriors and a friendly ballistomycete
(summoned).

Vanquished Creatures
  Kirke (Lair:5)
  An orc warlord (Orc:1)
  Nessos (Lair:3)
  4 hydras
  A boulder beetle (D:11)
  A catoblepas (D:9)
  The ghost of cforsyth the Reanimator, a novice MDNe (D:9)
  5 two-headed ogres
  3 death yaks (Lair:5)
  A thrashing horror (Lair:5)
  Sonja (Lair:5)
  3 skysharks
  Lodul (D:11)
  An ugly thing (Lair:5)
  A manticore (D:11)
  Maurice (D:7)
  A cyclops (D:11)
  9 elephants
  5 black mambas
  Joseph (D:7)
  9 cane toads
  A water nymph (Lair:2)
  A torpor snail (Lair:5)
  2 unseen horror zombies (D:10)
  10 komodo dragons
  4 rime drakes (Lair:4)
  A kobold demonologist (D:12)
  A troll (Orc:1)
  A polar bear (Lair:1)
  A queen bee (shapeshifter) (Lair:5)
  A merfolk (Lair:2)
  4 hornets
  2 raiju (Lair:5)
  29 blink frogs
  A meliai zombie (D:10)
  A culicivora (shapeshifter) (Lair:5)
  3 shadows
  A spriggan (Lair:5)
  3 vampires (D:10)
  4 wyverns
  A ynoxinul (Lair:5)
  2 wraiths (D:10)
  10 basilisks
  57 yaks
  A fire elemental (Lair:3)
  3 hogs (Lair:5)
  A chaos spawn (Lair:5)
  Menkaure (D:6)
  2 acid dragons (D:11)
  16 water moccasins
  12 orc warriors
  A sky beast (D:8)
  9 ogres
  5 wolves (Lair:2)
  4 centaurs
  12 bullfrogs
  3 elf zombies
  4 kobold brigands
  2 elf skeletons (D:6)
  2 scorpions
  10 small abominations (Lair:5)
  9 wights
  3 howler monkeys
  An electric eel (Lair:1)
  2 bombardier beetles
  7 centaur zombies
  A hound (D:6)
  4 human zombies
  A gnoll bouda (D:7)
  11 orc priests
  A jelly (D:6)
  5 iguanas
  A human skeleton (D:6)
  10 orc wizards
  8 hound zombies (Ossuary)
  2 mummies (Ossuary)
  A howler monkey zombie (D:10)
  7 gnolls
  7 adders
  A shadow imp (D:6)
  A white imp (D:7)
  8 adder zombies (Ossuary)
  A dart slug (D:2)
  48 orcs
  4 endoplasms
  5 giant cockroaches
  4 gnoll zombies (Ossuary)
  9 goblins
  3 hobgoblins
  4 jackals
  13 kobolds
  3 quokkas
  4 ball pythons
  5 bats
  3 frilled lizards (D:2)
  3 jackal zombies (Ossuary)
  4 kobold zombies (Ossuary)
  4 orc zombies (Ossuary)
  7 rats
  A spectral kobold (D:10)
  6 ballistomycete spores
503 creatures vanquished.

Vanquished Creatures (collateral kills)
  2 thrashing horrors (Lair:5)
  A large abomination (Lair:5)
  2 ynoxinuls (Lair:5)
  A chaos spawn (Lair:5)
  An iguana (D:5)
  A gnoll (D:5)
  108 ballistomycete spores
116 creatures vanquished.

Vanquished Creatures (others)
  A rime drake (Lair:4)
  4 ballistomycete spores
5 creatures vanquished.

Grand Total: 624 creatures vanquished

Notes
Turn   | Place    | Note
-------+----------+-------------------------------------------
     0 | D:1      | Khashishi the Mummy Monk began the quest for the Orb.
     0 | D:1      | Reached XP level 1. HP: 18/18 MP: 1/1
   695 | D:2      | Reached XP level 2. HP: 10/24 MP: 2/2
   785 | D:2      | Reached XP level 3. HP: 27/29 MP: 3/3
   997 | D:2      | Reached skill level 1 in Armour
  1695 | D:3      | Found an ancient bone altar of Kikubaaqudgha.
  2063 | D:3      | Found a blossoming altar of Fedhas.
  2098 | D:3      | Reached XP level 4. HP: 23/37 MP: 4/4
  2203 | D:3      | Became a worshipper of Fedhas Madash
  2203 | D:3      | Reached * piety under Fedhas
  2203 | D:3      | Reached ** piety under Fedhas
  2264 | D:4      | Found a staircase to the Ecumenical Temple.
  2300 | D:4      | Reached skill level 1 in Invocations
  2307 | Temple   | Entered the Ecumenical Temple
  2393 | D:4      | Noticed an ogre
  2504 | D:4      | Found a sparkling altar of Nemelex Xobeh.
  2574 | D:4      | Noticed a kobold brigand
  2584 | D:4      | Killed a kobold brigand
  2585 | D:4      | Reached XP level 5. HP: 42/42 MP: 4/6
  2795 | D:4      | Killed an ogre
  2796 | D:4      | Reached XP level 6. HP: 49/49 MP: 7/7
  2877 | D:4      | Learned a level 3 spell: Fugue of the Fallen
  3019 | D:4      | Reached skill level 5 in Fighting
  3236 | D:5      | Entered Level 5 of the Dungeon
  3261 | D:5      | Reached XP level 7. HP: 56/56 MP: 9/9
  3313 | D:5      | Reached *** piety under Fedhas
  3603 | D:5      | Found a shimmering blue altar of Sif Muna.
  3899 | D:5      | Found a sacrificial altar of Ru.
  3933 | D:6      | Reached skill level 1 in Maces & Flails
  4003 | D:6      | Found Zeuptic's Weapon Shoppe.
  4244 | D:6      | Reached XP level 8. HP: 60/64 MP: 10/10
  4278 | D:6      | Found a sand-covered staircase.
  4327 | Ossuary  | Entered an ossuary
  4592 | Ossuary  | Reached **** piety under Fedhas
  5044 | D:6      | Reached skill level 5 in Invocations
  5116 | D:6      | Reached skill level 5 in Armour
  5242 | D:7      | Found an iron altar of Okawaru.
  5252 | D:7      | Reached XP level 9. HP: 61/71 MP: 12/12
  5255 | D:7      | Reached ***** piety under Fedhas
  5284 | D:7      | Noticed Maurice
  5292 | D:7      | Found a bloodstained altar of Trog.
  5314 | D:7      | Noticed Menkaure
  5328 | D:6      | Killed Menkaure
  5394 | D:7      | Noticed Joseph
  5416 | D:7      | Killed Joseph
  5513 | D:7      | Maurice stole a ring of magical power
  5515 | D:7      | Maurice stole a +0 spear
  5516 | D:7      | Maurice stole 185 gold
  5521 | D:7      | Maurice stole 195 gold
  5525 | D:7      | Killed Maurice
  5956 | D:8      | Reached XP level 10. HP: 78/80 MP: 14/14
  5962 | D:8      | Reached skill level 5 in Maces & Flails
  6104 | D:8      | Found a stormy altar of Qazlal.
  6533 | D:9      | Found a runed translucent door.
  6533 | D:9      | Noticed cforsyth's ghost (novice MDNe)
  6673 | D:9      | Noticed a catoblepas
  6712 | D:9      | Killed a catoblepas
  7101 | D:9      | Killed cforsyth's ghost
  7210 | D:10     | Entered Level 10 of the Dungeon
  7381 | D:10     | Identified the +4 dagger of Bokk {heavy, rElec Dex+2}
  7536 | D:10     | Reached XP level 11. HP: 53/89 MP: 16/16
  7788 | D:10     | Identified the +1 robe of Fedhas's Envy {rC+ Str+3}
  8290 | D:10     | Found a hazy altar of Hepliaklqana.
  8464 | D:11     | Found a staircase to the Lair.
  8489 | D:11     | Noticed Lodul
  8522 | D:11     | Killed Lodul
  8523 | D:11     | Reached skill level 10 in Fighting
  8621 | D:11     | Noticed a two-headed ogre
  8629 | D:11     | Noticed a two-headed ogre
  8630 | D:11     | Killed a two-headed ogre
  8643 | D:11     | Killed a two-headed ogre
  8869 | D:11     | Noticed a two-headed ogre
  8884 | D:11     | Killed a two-headed ogre
  8908 | D:11     | Noticed a boulder beetle
  8920 | D:11     | Killed a boulder beetle
  9288 | D:11     | Identified a scroll of acquirement
  9289 | D:11     | Acquired a manual of Maces & Flails
  9332 | D:11     | Noticed a two-headed ogre
  9335 | D:11     | Killed a two-headed ogre
  9336 | D:11     | Reached XP level 12. HP: 90/99 MP: 18/18
  9566 | Lair:1   | Entered Level 1 of the Lair of Beasts
 10889 | Lair:2   | Reached skill level 1 in Evocations
 11253 | Lair:2   | Reached skill level 10 in Maces & Flails
 11313 | Lair:2   | Found a staircase to the Snake Pit.
 11328 | Lair:2   | Reached skill level 10 in Invocations
 11336 | Lair:2   | Gained mutation: You are strongly in touch with the powers
                  | of death. [Mummy growth]
 11336 | Lair:2   | Reached XP level 13. HP: 72/106 MP: 18/20
 12474 | Lair:3   | Noticed Nessos
 12488 | Lair:3   | Killed Nessos
 13060 | Lair:4   | Found a viscous altar of Jiyva.
 13060 | Lair:4   | Found a staircase to the Slime Pits.
 13381 | Lair:4   | Reached skill level 10 in Armour
 13888 | Lair:5   | Entered Level 5 of the Lair of Beasts
 13913 | Lair:5   | Noticed Sonja
 13914 | Lair:5   | Reached ****** piety under Fedhas
 13919 | Lair:5   | Noticed Kirke
 13926 | Lair:5   | Killed Sonja
 13929 | Lair:5   | Killed Kirke
 13930 | Lair:5   | Reached XP level 14. HP: 91/116 MP: 22/22
 14591 | Lair:5   | Reached skill level 1 in Stealth
 15166 | Lair:5   | Reached skill level 1 in Staves
 15888 | Lair:5   | Found a corrupted altar of Lugonu.
 15888 | Lair:5   | Found a one-way gate to the infinite horrors of the Abyss.
 16512 | D:12     | Found a staircase to the Orcish Mines.
 16550 | D:12     | Found a roughly hewn altar of Beogh.
 16943 | Orc:1    | Entered Level 1 of the Orcish Mines
 17024 | Orc:1    | Found a bloodstained altar of Trog.
 17092 | Orc:1    | Found a bloodstained altar of Trog.
 17155 | Orc:1    | Noticed an orc warlord
 17187 | Orc:1    | Killed an orc warlord
 17189 | Orc:1    | Slain by an orc knight

Illustrated notes

Levels and vault maps discovered:
D:1:      minmay_arrival_arboretum_small, layout_basic
D:2:      layout_loops_corners, minmay_joined_circles
D:3:      layout_rooms, mainiacjoe_overflow_small_starburst,
          kiku_gazebo_pond_becter
D:4:      layout_loops_ring, kennysheep_little_box, tso_oasis_becter,
          minmay_temple_entry_tees
D:5:      layout_basic, lemuel_blue_sif_altar, general_overflow_altar
D:6:      layout_basic, serial_shops, nicolae_shop_just_a_little_nook,
          nicolae_ossuary_entry_catacombs
D:7:      layout_basic, mainiacjoe_overflow_cross_hatched,
          nicolae_overflow_crystal_walls, dk_rats_in_the_wall, uniq_maurice,
          uniq_joseph, uniq_menkaure
D:8:      layout_cave_pools, nicolae_qazlal_beasts_of_the_sky
D:9:      layout_loops_ring, elyvilon_altar_5, hellmonk_ghost_happy_afterlife
D:10:     layout_roguey, nicolae_hepliaklqana_monster_ancestors, serial_undead,
          serial_undead_e, serial_undead_d, serial_undead_e, serial_undead_d,
          serial_undead_f, serial_undead_e
D:11:     layout_irregular_city, dpeg_oklobed_lair, uniq_lodul
D:12:     layout_basic, minmay_orc_entry_temple_small
Temple:   jpeg_temple_clearing
Lair:1:   layout_small_grid, infiniplex_staircase_pool
Lair:2:   layout_loops_ring, nicolae_shoals_entry_flooding,
          minmay_snake_entry_six_corridors, st_stairs_7
Lair:3:   layout_gridlike, serial_forest, infiniplex_forest_lined_2,
          infiniplex_forest_end_2, infiniplex_forest_end_2,
          infiniplex_forest_fountain, infiniplex_forest_clump_medium,
          infiniplex_forest_lined_room_3, infiniplex_forest_lined_3_way,
          infiniplex_forest_clump_long, infiniplex_forest_straight_4,
          uniq_nessos
Lair:4:   layout_loops_ring, slime_entry_1, minmay_lair_drake_nest
Lair:5:   hellmonk_lair_end_abyssal_woods, layout_cave_pods,
          grunt_forest_small_clearings, uniq_kirke, uniq_sonja
Orc:1:    layout_caves, basic_altar, special_room [special_room_orc],
          trog_butcher_becter

Skill      XL: |  1  2  3  4  5  6  7  8  9 10 11 12 13 14 |
---------------+-------------------------------------------+-----
Armour         | 1 2 3 4 5 6 7 8 9 10 | 10.7
Polearms       | 3 |  3.0
Fighting       | 4 5 6 8 9 10 11 12 13 | 13.1
Invocations    | 1 2 3 5 6 7 9 10 11 | 11.5
Maces & Flails | 2 3 4 6 7 10 12 13 | 13.1
Dodging        | 3 |  3.0
Evocations     | 2 3 4 |  4.0
Stealth        | 2 |  2.0
Staves         | 2 |  2.6

Action                     |  1- 3 |  4- 6 |  7- 9 | 10-12 | 13-15 || total
---------------------------+-------+-------+-------+-------+-------++-------
  Melee: Spear             |   153 |    99 |    44 |       |       ||   296
         Whip              |       |       |   493 |       |       ||   493
         Morningstar       |       |       |    13 |   170 |    10 ||   193
         Flail             |       |       |       |   282 |   304 ||   586
         Lajatang          |       |       |       |       |   229 ||   229
  Throw: Stone             |     1 |       |       |       |       ||     1
         Dart              |       |    33 |    63 |    96 |    33 ||   225
         Boomerang         |       |       |       |     3 |     1 ||     4
 Invoke: Wall of Briars    |       |     2 |     1 |       |     1 ||     4
         Grow Ballistomyce |       |       |     2 |    10 |     9 ||    21
         Grow Oklob        |       |       |       |       |     1 ||     1
  Evoke: Wand              |       |     9 |     9 |    10 |     7 ||    35
         Phantom mirror    |       |       |       |       |     1 ||     1
         Condenser vane    |       |       |       |       |     1 ||     1
    Use: Scroll            |       |     7 |     9 |     7 |     3 ||    26
   Stab: Confused          |       |       |       |     6 |     5 ||    11
 Armour: Ring mail         |    30 |       |       |       |       ||    30
         Leather armour    |     2 |       |       |       |       ||     2
         Chain mail        |    39 |    60 |   415 |    18 |    24 ||   556
         Plate armour      |       |       |       |   462 |   458 ||   920
  Dodge: Dodged            |    55 |    23 |   225 |   255 |   296 ||   854

Table legend: (Time is in decaauts)
 A = Elapsed time spent in this place.
 B = Non-inter-level travel time spent in this place.
 C = Inter-level travel time spent in this place.
 D = Time resting spent in this place.
 E = Time spent auto-exploring this place.
 F = Levels seen in this place.
 G = Mean time per level.
                   A        B        C        D        E       F      G
               +--------+--------+--------+--------+--------+-----+--------+
         Total |  17169 |  16447 |    722 |   2625 |   7899 |  20 |  858.5 |
       Dungeon |   9937 |   9498 |    439 |    949 |   5308 |  12 |  828.1 |
        Temple |     85 |     85 |      0 |     84 |      0 |   1 |   85.0 |
          Lair |   6469 |   6186 |    283 |   1581 |   2490 |   5 | 1293.8 |
  Orcish Mines |    243 |    243 |      0 |      0 |     74 |   1 |  243.0 |
       Ossuary |    433 |    433 |      0 |     11 |     27 |   1 |  433.0 |
               +--------+--------+--------+--------+--------+-----+--------+

Top non-repeatable levels by time:
  Lair:5: 2080 daAuts
  Lair:1: 1313 daAuts
    D:10: 1275 daAuts
  Lair:3: 1251 daAuts
    D:11: 1131 daAuts
  Lair:4: 992 daAuts
     D:2: 969 daAuts
     D:9: 941 daAuts
     D:6: 884 daAuts
    D:12: 851 daAuts
  Lair:2: 831 daAuts
     D:4: 821 daAuts
     D:5: 719 daAuts
     D:1: 702 daAuts
     D:3: 649 daAuts
